 Dungeon Crawl Stone Soup version 0.24-a0-91-g4e4936a (webtiles) character file.

Game seed: 6938646316202315311

8400 MalarOregon the Frost Mage (level 11, -24/68 HPs)
             Began as a Merfolk Ice Elementalist on Feb 9, 2019.
             Was a Follower of Ashenzari.
             Killed from afar by a gargoyle (32 damage)
             ... with a stone arrow
             ... on level 10 of the Dungeon.
             The game lasted 00:43:03 (13090 turns).

MalarOregon the Frost Mage (MfIE)                  Turns: 13090, Time: 00:43:03

Health: -24/68     AC:  8    Str:  8    XL:     11   Next: 30%
Magic:  17/31      EV: 11    Int: 19    God:    Ashenzari [*.....]
Gold:   414        SH:  5    Dex: 14    Spells: 14/25 levels left

rFire    . . .     SeeInvis .   c - +7 spear (curse)
rCold    + . .     Gourm    .   D - +0 buckler
rNeg     . . .     Faith    .   q - +2 leather armour {rC+} (curse)
rPois    .         Spirit   .   s - +0 helmet
rElec    .         Reflect  .   C - +0 cloak
rCorr    .         Harm     .   r - +0 pair of gloves
MR       +....                  (no boots)
Stlth    +.........             I - amulet of magic regeneration (curse)
HPRegen  0.21/turn              A - ring of magical power
MPRegen  0.47/turn              l - ring of protection from magic

@: heavily drained
A: change form in water, swift swim, stealthy swim
a: Curse Item, Scrying, Renounce Religion


You were on level 10 of the Dungeon.
You worshipped Ashenzari.
Ashenzari was aware of your devotion.
You were not hungry.

You visited 2 branches of the dungeon, and saw 11 of its levels.

You collected 481 gold pieces.
You spent 67 gold pieces at shops.

Inventory:

Hand Weapons
 c - a cursed +7 spear (weapon)
   (You took it off a wight on level 10 of the Dungeon)
Armour
 q - a cursed +2 leather armour of cold resistance (worn)
   (You took it off an orc on level 3 of the Dungeon)
 r - a +0 pair of gloves (worn)
   (You found it on level 2 of the Dungeon)
 s - a +0 helmet (worn)
   (You took it off Robin on level 1 of the Dungeon)
 C - a +0 cloak (worn)
   (You took it off Crazy Yiuf on level 3 of the Dungeon)
 D - a +0 buckler (worn)
   (You bought it in a shop on level 7 of the Dungeon)
 N - the +1 robe "Olum" {rPois MR+}
   (You found it on level 9 of the Dungeon)

   It protects you from poison.
   It affects your resistance to hostile enchantments.
Magical Staves
 i - an uncursed staff of death
   (You found it on level 4 of the Dungeon)
Jewellery
 l - a ring of protection from magic (right hand)
   (You found it on level 6 of the Dungeon)
 A - a ring of magical power (left hand)
   (You found it on level 3 of the Dungeon)
 I - a cursed amulet of magic regeneration (around neck)
   (You found it on level 2 of the Dungeon)
Wands
 d - a wand of iceblast (9)
   (You found it on level 10 of the Dungeon)
 t - a wand of flame (13)
   (You found it on level 9 of the Dungeon)
 u - a wand of paralysis (7)
   (You took it off Maurice on level 8 of the Dungeon)
 x - a wand of acid (3)
   (You took it off an orc priest on level 10 of the Dungeon)
 G - a wand of enslavement (13)
   (You found it on level 7 of the Dungeon)
 H - a wand of clouds (7)
   (You took it off Psyche on level 8 of the Dungeon)
Scrolls
 g - a scroll of fear
 m - 6 scrolls of amnesia
 o - a scroll of enchant armour
 p - 2 scrolls of fog
 v - a scroll of blinking
 y - a scroll of acquirement {unknown}
 z - 4 scrolls of remove curse {@r2}
 B - 3 scrolls of enchant weapon {unknown}
 E - a scroll of identify {@r1}
 J - a scroll of magic mapping
 L - a scroll of holy word {unknown}
Potions
 b - a potion of lignification {!q}
 f - a potion of might
 h - 6 potions of haste {@q3}
 j - a potion of agility
 k - 2 potions of flight
 n - 2 potions of curing {@q1}
 w - a potion of resistance
 F - 2 potions of cancellation
 M - a potion of brilliance
Comestibles
 e - 24 rations {!d}


   Skills:
 + Level 9.1(8.0) Polearms
 - Level 2.0(2.6) Staves
 - Level 2.6(1.5) Dodging
 - Level 2.1(1.0) Stealth
 - Level 4.1(2.9) Shields
 + Level 7.5(6.2) Spellcasting
 + Level 6.1(4.8) Conjurations
 + Level 9.3(7.9) Ice Magic
 + Level 7.0(5.7) Evocations


You had 14 spell levels left.
You knew the following spells:

 Your Spells              Type           Power        Failure   Level  Hunger
a - Freeze                Ice            ####         1%          1    None
c - Throw Icicle          Conj/Ice       ####....     13%         4    ####...
d - Summon Ice Beast      Ice/Summ       ###.....     34%         4    ####...
x - Throw Frost           Conj/Ice       ####..       1%          2    None

Your spell library contained the following spells:

 Spells                   Type           Power        Failure   Level  Hunger
 Ozocubu's Armour         Chrm/Ice       ###.....     11%         3    ##.....


Dungeon Overview and Level Annotations

Branches:
Dungeon (10/15)            Temple (1/1) D:6            Lair (0/6) D:9
    Orc: D:9-12

Altars:
Ashenzari
Cheibriados
Dithmenos
Elyvilon
Fedhas
Gozag
Hepliaklqana
Kikubaaqudgha
Makhleb
Nemelex Xobeh
Okawaru
Qazlal
Ru
Sif Muna
Trog
Uskayaw
Vehumet
Wu Jian
Xom
Yredelemnul
Zin
The Shining One

Shops:
D:4 (   D:6 (   D:7 [[(=[

Annotations:
D:9 3 runed translucent doors, Ratty's ghost, novice GnSk
D:10 exclusion: ice statue


Message History

You are no longer poisoned.
Your surroundings suddenly seem different.
Your magical contamination has completely faded away.
You start resting.
Aim: a wight, wielding a +7 spear and wearing a +0 robe (almost destroyed, hasn't noticed you)
The shard of ice hits the wight.
The wight partially resists.
You destroy the wight!
Aim: a wight, wielding a +0 mace and wearing a +0 robe The shard of ice hits the wight!
The wight partially resists.
You are near starving!
Aim: a wight, wielding a +0 mace and wearing a +0 robe (severely damaged)
The shard of ice hits the wight.
The wight partially resists.
You destroy the wight!
You swing at nothing.
Things that are here:
a +0 mace; a +0 robe You now have 414 gold pieces (gained 7).
Things that are here:
a cursed +7 spear; a +0 robe
c - a cursed +7 spear Wield which item (- for none, * to show all)? (? for menu, Esc to quit)
Really wield
c - a cursed +7 spear?
It sticks to your hand!
Your weapon hand is bound.
You are slightly bound.
c - a cursed +7 spear (weapon)
Drop what? 39/52 slots (_ for help) (? for menu, Esc to quit)
You drop a +0 trident.
There is an open door here.
You can't see any susceptible monsters within range! (Use Z to cast anyway.) Unknown command.
You can't see any susceptible monsters within range! (Use Z to cast anyway.) Unknown command.
You can't see any susceptible monsters within range! (Use Z to cast anyway.)
Aim: a wight, wielding a +0 halberd and wearing a +2 robe of cold resistance The shard of ice hits the wight!
The wight partially resists.
Aim: a wight, wielding a +0 halberd and wearing a +2 robe of cold resistance (almost destroyed)
The shard of ice hits the wight.
The wight partially resists.
You destroy the wight!
You are starving!
You eat one of the 25 rations {!d}.
That ration really hit the spot!
Aim: a gargoyle, wielding a -1 dire flail The shard of ice hits the gargoyle!
The gargoyle hurls a stone arrow at you.
The stone arrow hits you!
* * * LOW HITPOINT WARNING * * *
Aim: a gargoyle, wielding a -1 dire flail (heavily damaged)
The shard of ice hits the gargoyle!
The gargoyle hurls a stone arrow at you.
The stone arrow hits you!!
You die...

...######+############)####......
............##...##..............
...##.......##...##......#####...
...##.......##...##......'.......
............##...##......#..#....
............##...#########.......
............##...#........)).....
............#....#...............
...##.......##..@#..####.........
...##.......##...'..9.....#######
...#........##...#........#
...#........##...##########
...#....................
...##...................
...###########..........
...#.<.......#'############
...#......................#


You could see a gargoyle.

Vanquished Creatures
  A tengu warrior (D:9)
  Psyche (D:8)
  Maurice (D:8)
  Joseph (D:10)
  A gargoyle (D:10)
  2 trolls (D:9)
  A hornet (D:7)
  A wraith (D:7)
  4 yaks (D:10)
  A porcupine (D:9)
  2 sky beasts
  4 black bears
  5 orc warriors
  A phantom (D:7)
  2 ice beasts (D:10)
  3 ogres
  4 centaurs
  2 necrophages
  3 big kobolds
  5 bullfrogs
  4 scorpions
  6 killer bees (D:10)
  7 howler monkeys
  9 wights
  4 crimson imps
  A centaur zombie (D:7)
  4 jellies (D:9)
  A quasit (D:9)
  2 bullfrog zombies
  A bullfrog skeleton (D:7)
  6 hounds
  Crazy Yiuf (D:3)
  3 orc priests
  Jessica (D:3)
  3 iguanas
  6 worker ants
  4 orc wizards
  A hound zombie (D:7)
  A hound skeleton (D:6)
  A worker ant zombie (D:5)
  Robin (D:1)
  4 gnolls (D:7)
  2 howler monkey skeletons
  12 adders
  3 shadow imps
  7 oozes
  2 adder skeletons
  2 worms (D:4)
  2 dart slugs (D:2)
  9 leopard geckos
  31 orcs
  3 giant cockroaches
  2 gnoll zombies (D:8)
  14 goblins
  4 hobgoblins
  10 jackals
  18 kobolds
  2 quokkas
  2 ball pythons
  7 bats
  3 frilled lizards
  2 leopard gecko skeletons
  A quokka zombie (D:6)
  4 rats
258 creatures vanquished.

Vanquished Creatures (others)
  A human (D:5)
1 creature vanquished.

Grand Total: 259 creatures vanquished

Notes
Turn   | Place    | Note
-------+----------+-------------------------------------------
     0 | D:1      | MalarOregon the Merfolk Ice Elementalist began the quest
                  | for the Orb.
     0 | D:1      | Reached XP level 1. HP: 13/13 MP: 3/3
    97 | D:1      | Reached XP level 2. HP: 7/19 MP: 0/5
  1217 | D:2      | Reached XP level 3. HP: 24/24 MP: 2/7
  1269 | D:2      | Learned a level 2 spell: Throw Frost
  1647 | D:2      | Noticed Robin
  1955 | D:1      | Reached XP level 4. HP: 15/30 MP: 5/8
  2156 | D:1      | Killed Robin
  2624 | D:3      | Learned a level 4 spell: Throw Icicle
  3068 | D:3      | Found a runed translucent door.
  3069 | D:3      | Noticed Crazy Yiuf
  3097 | D:3      | Noticed Jessica
  3112 | D:3      | Killed Jessica
  3112 | D:3      | Reached skill level 1 in Conjurations
  3112 | D:3      | Reached XP level 5. HP: 32/35 MP: 10/10
  3569 | D:3      | Killed Crazy Yiuf
  3569 | D:3      | Reached skill level 5 in Ice Magic
  3633 | D:4      | Found Ziexuf's Antique Weapon Emporium.
  3833 | D:4      | Reached XP level 6. HP: 41/41 MP: 11/11
  3839 | D:4      | Learned a level 4 spell: Summon Ice Beast
  3996 | D:4      | Found a sparkling altar of Nemelex Xobeh.
  4001 | D:4      | Reached skill level 1 in Evocations
  4348 | D:5      | Entered Level 5 of the Dungeon
  4371 | D:5      | Found an opulent altar of Gozag.
  4383 | D:5      | You fall through a shaft for 3 floors!
  4392 | D:7      | Found Woshaam's Armour Shop.
  4405 | D:7      | Reached skill level 1 in Staves
  4441 | D:7      | Found Ofurphos's Antique Weapon Boutique.
  4456 | D:7      | Bought a +0 buckler for 67 gold pieces
  4874 | D:5      | Found a shimmering altar of Xom.
  4909 | D:5      | Reached XP level 7. HP: 46/46 MP: 13/13
  5011 | D:5      | Found an ancient bone altar of Kikubaaqudgha.
  5011 | D:5      | Noticed a human
  5016 | D:5      | Killed a human
  5066 | D:5      | Found a sacrificial altar of Ru.
  5174 | D:5      | Reached skill level 1 in Shields
  5593 | D:5      | Found a deep blue altar of Sif Muna.
  5651 | D:6      | Found Ybunaf's Antique Weapon Boutique.
  5860 | D:6      | Reached XP level 8. HP: 52/52 MP: 13/14
  5932 | D:6      | Found a staircase to the Ecumenical Temple.
  6026 | D:6      | Reached skill level 1 in Polearms
  6181 | D:6      | Found a glowing golden altar of the Shining One.
  6571 | Temple   | Entered the Ecumenical Temple
  6836 | Temple   | Became a worshipper of Ashenzari the Shackled
  6931 | D:7      | Found a hazy altar of Hepliaklqana.
  6953 | D:7      | Noticed a wraith
  6985 | D:7      | Killed a wraith
  7168 | D:7      | Reached skill level 5 in Spellcasting
  7829 | D:7      | Found Mobi's Antique Armour Boutique.
  7908 | D:7      | Noticed a hornet
  7917 | D:7      | Killed a hornet
  7917 | D:7      | Reached XP level 9. HP: 40/57 MP: 15/17
  8297 | D:7      | Noticed a komodo dragon
  8643 | D:7      | Found Zekame's Armour Boutique.
  8663 | D:7      | Found Ihimucvi's Jewellery Boutique.
  8968 | D:8      | Noticed Psyche
  8991 | D:8      | Killed Psyche
  8991 | D:8      | Reached skill level 5 in Polearms
  9093 | D:8      | Noticed Maurice
  9113 | D:8      | Killed Maurice
  9179 | D:8      | Reached skill level 5 in Evocations
  9616 | D:8      | Reached * piety under Ashenzari
  9645 | D:8      | Reached XP level 10. HP: 63/63 MP: 19/19
  9776 | D:8      | Found a basalt altar of Yredelemnul.
 10119 | D:9      | Found a blossoming altar of Fedhas.
 10185 | D:9      | Reached skill level 5 in Conjurations
 10237 | D:9      | Found a runed translucent gate.
 10237 | D:9      | Found a runed translucent gate.
 10237 | D:9      | Found a runed translucent gate.
 10238 | D:9      | Found an opulent altar of Gozag.
 10239 | D:9      | Noticed Ratty's ghost (novice GnSk)
 10335 | D:9      | Found a sparkling altar of Nemelex Xobeh.
 10828 | D:9      | Identified the +1 robe "Olum" {rPois MR+}
 10830 | D:9      | Noticed a tengu warrior
 10846 | D:9      | Killed a tengu warrior
 11027 | D:9      | Found a staircase to the Lair.
 11138 | D:10     | Entered Level 10 of the Dungeon
 11192 | D:10     | Noticed Joseph
 11212 | D:10     | Killed Joseph
 11458 | D:10     | Noticed an ice statue
 11658 | D:10     | Reached XP level 11. HP: 33/68 MP: 21/21
 13090 | D:10     | Killed from afar by a gargoyle

Levels and vault maps discovered:
D:1:      giann_wishing_wells, layout_loops_ring, serial_park_tiny_pond,
          lemuel_old_faithful
D:2:      layout_loops_ring, uniq_robin
D:3:      layout_basic, first_ration, chequers_jeans, uniq_jessica,
          uniq_crazy_yiuf_cottage
D:4:      layout_loops_cross, nemelex_xobeh_ov_fountains_minmay, serial_shops,
          shop
D:5:      layout_loops_corners, grunt_gozag_statues, overflow_temple_1_default,
          lemuel_crystal_altar, lemuel_blue_sif_altar, tgw_kikubaaqudgha
D:6:      layout_layer_cave, nicolae_overflow_hidden_temple,
          minmay_temple_entry_junction_2, serial_shops, shop
D:7:      layout_basic, nicolae_overflow_crystal_walls, serial_shops,
          kennysheep_mini, shop, nicolae_shop_waterfront, shop, shop,
          minmay_chambers_of_fives
D:8:      layout_cave_pools, lemuel_zombie_altar_yredelemnul, uniq_maurice,
          uniq_psyche
D:9:      minmay_octagon_keep, layout_rooms, grunt_lair_entry_orc_guard_hut,
          ebering_ghost_gozag, basic_altar, fungi_pond_lemuel,
          hangedman_little_slice_of_home, serial_bayou_pond_c,
          minmay_misc_feat_encased, fedhas_altar_4
D:10:     layout_stronghold, statue_in_the_mist_lemuel, minivault_16,
          uniq_joseph
Temple:   nicolae_temple_figure_eight

Skill      XL: |  1  2  3  4  5  6  7  8  9 10 11 |
---------------+----------------------------------+-----
Ice Magic      | 4 5 6 7 9 |  9.3
Spellcasting   | 3 4 5 6 7 |  7.5
Conjurations   | 1 2 3 4 5 6 |  6.1
Evocations     | 1 2 3 5 6 7 |  7.0
Staves         | 1 2 |  2.0
Shields        | 1 3 4 |  4.1
Polearms       | 4 6 8 9 |  9.1
Dodging        | |  2.6
Stealth        | |  2.1

Action                   |  1- 3 |  4- 6 |  7- 9 | 10-12 || total
-------------------------+-------+-------+-------+-------++-------
Melee: Unarmed           |    10 |       |       |       ||    10
       Club              |     3 |       |       |       ||     3
       Dagger            |       |    14 |       |       ||    14
       Staff             |       |    50 |    52 |       ||   102
       Spear             |       |       |   254 |    42 ||   296
       Trident           |       |       |       |    36 ||    36
 Cast: Freeze            |    55 |    63 |   113 |   152 ||   383
       Throw Frost       |       |    35 |   104 |    84 ||   223
       Throw Icicle      |       |       |     6 |    70 ||    76
Invok: Curse Item        |       |       |       |     2 ||     2
Evoke: Wand              |       |       |       |     2 ||     2
  Use: Scroll            |       |    13 |     1 |    12 ||    26
       Potion            |       |     1 |     2 |     2 ||     5
 Stab: Sleeping          |       |     4 |     2 |     2 ||     8
       Distracted        |       |       |     1 |       ||     1
       Paralysed         |       |       |       |     6 ||     6
  Eat: Chunk             |     4 |    10 |    12 |    10 ||    36
       Ration            |       |       |     2 |     3 ||     5
Armor: Robe              |    11 |     3 |       |       ||    14
       Leather armour    |       |    26 |   114 |   103 ||   243
Dodge: Dodged            |    37 |    59 |   214 |   158 ||   468
Block: Buckler           |       |     4 |    64 |    49 ||   117

Table legend:
 A = Non-vault XP
 B = Vault XP
 C = Vault XP percentage of total XP
 D = Non-vault monster count
 E = Vault monster count
 F = Vault count percentage of total count
                 A         B        C        D         E       F
            +---------+---------+-------+---------+---------+-------
      Total |    8221 |    3779 |  31.5 |     215 |      43 |  16.7
            +---------+---------+-------+---------+---------+-------
        D:1 |      29 |      30 |  50.8 |      14 |       9 |  39.1
        D:2 |      55 |       5 |   8.3 |      15 |       3 |  16.7
        D:3 |      42 |      77 |  64.7 |      11 |       2 |  15.4
        D:4 |     206 |       0 |   0.0 |      16 |       0 |   0.0
        D:5 |     459 |       0 |   0.0 |      15 |       0 |   0.0
        D:6 |     481 |       0 |   0.0 |      21 |       0 |   0.0
        D:7 |    1790 |     162 |   8.3 |      33 |       4 |  10.8
        D:8 |     388 |     929 |  70.5 |      16 |       4 |  20.0
        D:9 |    1485 |    2121 |  58.8 |      30 |      20 |  40.0
       D:10 |    3286 |     455 |  12.2 |      44 |       1 |   2.2
            +---------+---------+-------+---------+---------+-------
